cohdb
Replays
Latest Replays
All Replays
Popular Replays
Top Player Replays
Match Explorer
How It Works
Community
CoH3 Stats
Reddit
Sign in to upload your games and track your stats! →
Sign in with Steam
Match 46078313
Unlisted
Match 46078313
Overview
Messages
Build Orders
End
Scout Squad
Construct Barracks
1⁄4-ton 4x4 Truck
Riflemen Squad
Riflemen Squad
Engineer Squad
Air Support Center
Construct Motor Pool
P-47 Dive Bomb
M24 Chaffee Light Tank
P-47 Strafing Run
M1918 Browning Automatic Rifles
Selects Special Operations Battlegroup
Selects Raiding Flares
Selects SSF Commando Squad
SSF Commando Squad
SSF Commando Squad
P-47 Dive Bomb
Engineer Squad
Selects Assault Operation
Selects M29 Weasel Recon Vehicle
Selects Mark Vehicle
Mark Vehicle
Construct Tank Depot
M4A1 Sherman Medium Tank
P-47 Dive Bomb
Mark Vehicle
P-47 Strafing Run
M18 Hellcat Tank Destroyer
Selects M4A1 Sherman Whizbang
P-47 Dive Bomb
M4A1 Sherman Whizbang
Mark Vehicle
Grasshopper Recon Run
M18 Hellcat Tank Destroyer
M4A1 Sherman Medium Tank
P-47 Strafing Run
Grasshopper Recon Run
P-47 Dive Bomb
SSF Commando Squad
Stormless
Grunka Lunka
Berkilius
Khelben
0
0
Comments
sign in to comment!
No comments posted yet!